[Event "Swiss Championship U10 2022"]
[Site "Biel"]
[Date "2022.07.18"]
[Round "1.1"]
[White "Bachmann, Elias"]
[Black "Saminskij, Jan"]
[Result "0-1"]
[ECO "E61"]
[WhiteElo "1319"]
[BlackElo "1487"]
[Annotator "NA COMBH"]
[PlyCount "50"]
[EventDate "2022.07.18"]
[EventType "swiss"]
[EventCountry "SUI"]
[SourceTitle "playchess.com"]
[Source "ChessBase"]
[SourceQuality "1"]
[TimeControl "5400+30"]

1. d4 Nf6 2. c4 g6 3. Nc3 Bg7 4. e3 O-O 5. Nf3 d6 6. Be2 Nbd7 7. O-O e5 8. Qc2 Re8 9. Bd3 c6 10. Nd2 a6 11. d5 cxd5 12. cxd5 b5 13. b4 e4 14. Bxe4 Nxe4 15. Ndxe4 Rxe4 16. Qxe4 Bxc3 17. Rb1 Nf6 18. Qf3 Bf5 19. Rb3 Rc8 20. Rd1 Bg4 21. Qg3 Bxd1 22. Ra3 Bxb4 23. Rxa6 Rxc1 24. h3 Ne4 25. Qf4 g5 0-1

[Event "Swiss Championship U10 2022"]
[Site "Biel"]
[Date "2022.07.18"]
[Round "1.2"]
[White "Chockalingam, Vishak"]
[Black "Rams, Vedha"]
[Result "1-0"]
[ECO "C54"]
[WhiteElo "1285"]
[BlackElo "1312"]
[Annotator "NA COMBH"]
[PlyCount "115"]
[EventDate "2022.07.18"]
[EventType "swiss"]
[EventCountry "SUI"]
[SourceTitle "playchess.com"]
[Source "ChessBase"]
[SourceQuality "1"]
[TimeControl "5400+30"]

1. e4 e5 2. Bc4 Nf6 3. d3 Nc6 4. Nf3 Bc5 5. c3 d5 6. exd5 Nxd5 7. Qe2 Bg4 8. h3 Bxf3 9. Qxf3 Nce7 10. O-O h6 11. a4 Nf6 12. b4 Bd6 13. Nd2 Ng6 14. Qxb7 O-O 15. Ne4 Qe7 16. Nxf6+ Qxf6 17. Qe4 Nf4 18. Re1 Qg5 19. Bxf4 Qxf4 20. Qxf4 exf4 21. Re4 Rfe8 22. Rae1 Kf8 23. Bb5 Rxe4 24. Rxe4 a6 25. Bc6 Rd8 26. Bb7 f5 27. Re2 c5 28. bxc5 Bxc5 29. Bxa6 Bb6 30. Re5 Bc7 31. Rxf5+ Ke7 32. Bc4 Rf8 33. Rxf8 Kxf8 34. Kf1 Ba5 35. Ke2 Bxc3 36. Kf3 g5 37. Ke4 Be1 38. f3 Kg7 39. d4 Kg6 40. Kd5 Bb4 41. Ke6 Kh5 42. d5 Kh4 43. d6 Bxd6 44. Kxd6 Kg3 45. Bf1 Kf2 46. a5 Kxf1 47. a6 Kxg2 48. a7 Kxf3 49. a8=Q+ Kg3 50. Qh1 f3 51. Qf1 f2 52. Ke5 h5 53. Ke4 g4 54. hxg4 hxg4 55. Ke3 Kh2 56. Kxf2 g3+ 57. Kf3 g2 58. Qxg2# 1-0

[Event "Swiss Championship U10 2022"]
[Site "Biel"]
[Date "2022.07.18"]
[Round "1.3"]
[White "Wilhelm, Marco"]
[Black "Domschke, Mischa"]
[Result "0-1"]
[ECO "B23"]
[WhiteElo "1332"]
[BlackElo "1565"]
[Annotator "NA COMBH"]
[PlyCount "148"]
[EventDate "2022.07.18"]
[EventType "swiss"]
[EventCountry "SUI"]
[SourceTitle "playchess.com"]
[Source "ChessBase"]
[SourceQuality "1"]
[TimeControl "5400+30"]

1. e4 c5 2. Nc3 d6 3. d3 Nf6 4. g3 e6 5. Bg2 Be7 6. Nge2 O-O 7. O-O Nbd7 8. Be3 Rb8 9. Qd2 b5 10. Nf4 b4 11. Nce2 Bb7 12. Nc1 Nb6 13. a3 a5 14. axb4 axb4 15. Ra7 d5 16. c4 d4 17. e5 dxe3 18. Qxe3 Bxg2 19. exf6 Bxf6 20. Kxg2 Bd4 21. Qd2 Qf6 22. Nb3 Ra8 23. Rxa8 Rxa8 24. Nxd4 Qxd4 25. b3 Ra3 26. Qc2 Nd7 27. Ne2 Qd6 28. Rd1 e5 29. Rd2 Nf6 30. h3 Ra8 31. Rd1 h6 32. Rb1 Rd8 33. Rd1 e4 34. Nc1 Kf8 35. Qd2 Qd4 36. Qe3 Ng8 37. Qxd4 Rxd4 38. Kf1 Ke7 39. Ke2 Nf6 40. Ke3 Ke6 41. Rd2 Ke5 42. f4+ exf3 43. Kxf3 g5 44. Ra2 Nd7 45. Ra7 f5 46. Ra8 f4 47. Re8+ Kf6 48. Rh8 Kg6 49. Rg8+ Kf7 50. Rh8 Kg7 51. Re8 Kf6 52. Rh8 Ne5+ 53. Kg2 Kg7 54. Rc8 Nxd3 55. Nxd3 Rxd3 56. Rxc5 Rxg3+ 57. Kh2 Rxb3 58. Rc7+ Kg6 59. Rc6+ Kh5 60. c5 Rc3 61. Rb6 Rxc5 62. Rxb4 Rc2+ 63. Kg1 Kh4 64. Rb3 h5 65. Rf3 g4 66. hxg4 Kxg4 67. Rd3 h4 68. Rd4 Kg3 69. Rd3+ f3 70. Rd1 Rh2 71. Rf1 Rg2+ 72. Kh1 Rh2+ 73. Kg1 f2+ 74. Rxf2 Rxf2 0-1

[Event "Swiss Championship U10 2022"]
[Site "Biel"]
[Date "2022.07.18"]
[Round "1.4"]
[White "Pahud, Kylian"]
[Black "Sunilkumar, Prathyush"]
[Result "1-0"]
[ECO "C50"]
[WhiteElo "1373"]
[BlackElo "1336"]
[Annotator "NA COMBH"]
[PlyCount "75"]
[EventDate "2022.07.18"]
[EventType "swiss"]
[EventCountry "SUI"]
[SourceTitle "playchess.com"]
[Source "ChessBase"]
[SourceQuality "1"]
[TimeControl "5400+30"]

1. e4 e5 2. Nf3 Nc6 3. Bc4 Bc5 4. d3 Nf6 5. Bg5 h6 6. Be3 d6 7. Bxc5 dxc5 8. Nbd2 O-O 9. O-O Be6 10. Bb3 b5 11. a4 b4 12. Nc4 Bg4 13. Ncd2 Nd4 14. Bc4 Re8 15. c3 bxc3 16. bxc3 Nc6 17. Bb5 Qd6 18. a5 a6 19. Bc4 Be6 20. Qa4 Red8 21. Rfd1 Ne7 22. Bxe6 fxe6 23. Nc4 Qd7 24. Nfxe5 Qxa4 25. Rxa4 Nxe4 26. Rc1 Nd6 27. Re1 Nf7 28. d4 cxd4 29. cxd4 Rxd4 30. Nxf7 Kxf7 31. Ne5+ Kf6 32. Rxd4 Nf5 33. Rd7 Rc8 34. Rf7+ Kg5 35. h3 g6 36. Re4 Nd6 37. Nf3+ Kh5 38. Rh4# 1-0

[Event "Swiss Championship U10 2022"]
[Site "Biel"]
[Date "2022.07.18"]
[Round "1.5"]
[White "Gregor, Elena"]
[Black "Jordan, Christina"]
[Result "0-1"]
[ECO "C50"]
[WhiteElo "1258"]
[BlackElo "1367"]
[Annotator "NA COMBH"]
[PlyCount "70"]
[EventDate "2022.07.18"]
[EventType "swiss"]
[EventCountry "SUI"]
[SourceTitle "playchess.com"]
[Source "ChessBase"]
[SourceQuality "1"]
[TimeControl "5400+30"]

1. e4 e5 2. Nf3 Nc6 3. d4 exd4 4. Bc4 Be7 5. c3 dxc3 6. Qd5 Nh6 7. Bxh6 O-O 8. Bc1 Nb4 9. Bb3 Nxd5 10. Bxd5 Bb4 11. bxc3 Bc5 12. O-O c6 13. Bg5 Be7 14. Bxe7 Qxe7 15. Bc4 Qxe4 16. Nbd2 Qg6 17. Ne5 Qf6 18. Bxf7+ Kh8 19. Ng4 Qxf7 20. Ne5 Qf6 21. Rae1 d6 22. Nd3 Qxc3 23. Re7 Bf5 24. Ne4 Bxe4 25. Rxe4 Qxd3 26. Re3 Qc2 27. Re7 Qxa2 28. Rxb7 h6 29. Rc7 c5 30. Rd7 Rf6 31. Kh1 Raf8 32. f3 g5 33. Kg1 g4 34. Kh1 gxf3 35. g3 Qg2# 0-1

[Event "Swiss Championship U10 2022"]
[Site "Biel"]
[Date "2022.07.18"]
[Round "1.6"]
[White "Bhingare, Joshua"]
[Black "Parmelin, Axel"]
[Result "1-0"]
[ECO "C01"]
[WhiteElo "1342"]
[BlackElo "1298"]
[Annotator "NA COMBH"]
[PlyCount "57"]
[EventDate "2022.07.18"]
[EventType "swiss"]
[EventCountry "SUI"]
[SourceTitle "playchess.com"]
[Source "ChessBase"]
[SourceQuality "1"]
[TimeControl "5400+30"]

1. e4 e6 2. d4 d5 3. exd5 exd5 4. c4 Nf6 5. Nc3 Nc6 6. Nf3 Bb4 7. a3 Bxc3+ 8. bxc3 Ne4 9. Bd2 Qe7 10. Be2 O-O 11. O-O Re8 12. cxd5 Na5 13. c4 b6 14. Bxa5 bxa5 15. Ne5 Bb7 16. Bd3 f6 17. Bxe4 fxe5 18. d6 Qxd6 19. Bxb7 Rad8 20. Bd5+ Kh8 21. Re1 Re7 22. Rb1 Rde8 23. dxe5 Rxe5 24. Rxe5 Qxe5 25. h3 Rd8 26. Qe1 Qd4 27. Qe7 Rg8 28. Bxg8 Kxg8 29. Qe8# 1-0

[Event "Swiss Championship U10 2022"]
[Site "Biel"]
[Date "2022.07.18"]
[Round "1.7"]
[White "Cavadini, Tommaso"]
[Black "Kumar, Shreyank"]
[Result "0-1"]
[ECO "C89"]
[WhiteElo "1290"]
[BlackElo "1404"]
[Annotator "NA COMBH"]
[PlyCount "48"]
[EventDate "2022.07.18"]
[EventType "swiss"]
[EventCountry "SUI"]
[SourceTitle "playchess.com"]
[Source "ChessBase"]
[SourceQuality "1"]
[TimeControl "5400+30"]

1. e4 e5 2. Nf3 Nc6 3. Bb5 a6 4. Ba4 Nf6 5. O-O Be7 6. Re1 b5 7. Bb3 O-O 8. c3 d5 9. exd5 Nxd5 10. h3 Kh8 11. Nxe5 Nxe5 12. Rxe5 c6 13. d4 Bd6 14. Re1 Qh4 15. Nd2 Nf4 16. Qf3 Nxh3+ 17. gxh3 Bxh3 18. Re4 Rae8 19. Bc2 f5 20. Re3 Rxe3 21. Qxe3 Qg4+ 22. Qg3 Bxg3 23. fxg3 Qxg3+ 24. Kh1 Qg2# 0-1

[Event "Swiss Championship U10 2022"]
[Site "Biel"]
[Date "2022.07.18"]
[Round "1.8"]
[White "Gong, Yansheng"]
[Black "Lerner, David B"]
[Result "1-0"]
[ECO "B21"]
[WhiteElo "1285"]
[BlackElo "2125"]
[Annotator "TA"]
[PlyCount "35"]
[EventDate "2022.07.18"]
[EventType "swiss"]
[EventCountry "SUI"]
[SourceTitle "playchess.com"]
[Source "ChessBase"]
[SourceQuality "1"]
[TimeControl "5400+30"]

1. e4 c5 2. d4 cxd4 3. c3 dxc3 4. Nxc3 e5 5. Nf3 Nc6 6. Bc4 Bb4 {[%emt 0:00:29] [#]} 7. Qe2 $146 {[%emt 0:00:44] B21: Sicilian: 2 f4 and Morra Gambit.} (7. Ng5 $1 $14 Nh6 8. O-O) ({Predecessor:} 7. Qd5 Qe7 8. Bg5 Nf6 9. Bxf6 Qxf6 10. O-O Bxc3 11. bxc3 d6 12. Bb5 Bd7 13. Rfd1 Ke7 14. Ng5 h6 15. Nxf7 Qxf7 16. Qxd6+ {½-½ (104) Sipila,V (2402)-Savchenko,B (2564) Chess.com INT 2020}) 7... Nd4 (7... Nf6 $15) 8. Nxd4 $14 exd4 {[%emt 0:00:13][%mdl 64] Pin} 9. a3 {[%emt 0:00:14][%cal Ba2a3,Ba3b4][%mdl 32] White is slightly better.} (9. Qh5 Qe7 10. a3 Nf6 $17) 9... Qf6 $2 10. e5 (10. axb4 $18 dxc3 11. O-O) 10... Qc6 {[%emt 0:04:04] Against Nd5} 11. axb4 $18 Qxg2 $2 (11... dxc3 12. O-O (12. bxc3 $2 b5 $19) 12... Ne7 13. bxc3 O-O) 12. Bd5 Qg6 13. Nb5 {[%emt 0:02:25][%csl LRa7,LRd4] Threatens to win with Qc4.} Qb6 14. Nd6+ Ke7 15. Nxf7 (15. Bg5+ $142 Kf8 16. Qh5 g6 17. Bh6+ Ke7 18. Qh4+ f6 19. Bxg8 g5 20. Bxg5 $1 ) 15... Qxb4+ 16. Bd2 {[%emt 0:02:48] White mates.} Qc5 17. Bg5+ Ke8 18. Qc4 {[%emt 0:02:06] Black did not feel at home in the position after the opening.  Weighted Error Value: White=0.26 (precise) /Black=1.72} (18. Nd6+ $142 Kf8 {[#]} 19. Qh5 $1 Qb4+ 20. Kd1 Qb3+ 21. Bxb3 g6 22. Qf3+ Kg7 23. Qf7#) 1-0

[Event "Swiss Championship U10 2022"]
[Site "Biel"]
[Date "2022.07.18"]
[Round "2.1"]
[White "Saminskij, Jan"]
[Black "Bhingare, Joshua"]
[Result "1-0"]
[ECO "B13"]
[WhiteElo "1487"]
[BlackElo "1342"]
[Annotator "NA COMBH"]
[PlyCount "119"]
[EventDate "2022.07.18"]
[EventType "swiss"]
[EventCountry "SUI"]
[SourceTitle "playchess.com"]
[Source "ChessBase"]
[SourceQuality "1"]
[TimeControl "5400+30"]

1. Nf3 d5 2. d4 c5 3. e3 cxd4 4. exd4 Nc6 5. c3 Nf6 6. g3 Bf5 7. Bg2 e6 8. O-O Bd6 9. Bg5 h6 10. Bxf6 Qxf6 11. Qe2 Bg4 12. Nbd2 O-O 13. h3 Bf5 14. Rae1 Qg6 15. Nh4 Qh7 16. Nxf5 Qxf5 17. f4 Rae8 18. Nf3 Qg6 19. Qf2 f6 20. Nh4 Qf7 21. f5 e5 22. Ng6 Qc7 23. Nxf8 Rxf8 24. Bxd5+ Kh8 25. Kg2 exd4 26. cxd4 Nb4 27. Be4 Re8 28. a3 Nc6 29. Bf3 Rxe1 30. Rxe1 Ne7 31. Bh5 Qc6+ 32. Qf3 Qc2+ 33. Re2 Qxf5 34. Qxf5 Nxf5 35. Bg6 Ne7 36. Bd3 Kg8 37. Re6 Bxa3 38. bxa3 Nc6 39. Rxc6 bxc6 40. Be4 Kf8 41. Bxc6 Ke7 42. d5 g5 43. Kf3 Kd6 44. Kg4 Ke5 45. Kf3 a5 46. a4 f5 47. Ke3 h5 48. h4 f4+ 49. gxf4+ gxf4+ 50. Kf3 Kf5 51. d6 Ke6 52. d7 Ke7 53. Kxf4 Kd8 54. Ke5 Kc7 55. Ke6 Kd8 56. Bf3 Kc7 57. Ke7 Kb8 58. d8=Q+ Ka7 59. Qc7+ Ka6 60. Qb7# 1-0

[Event "Swiss Championship U10 2022"]
[Site "Biel"]
[Date "2022.07.18"]
[Round "2.2"]
[White "Jordan, Christina"]
[Black "Chockalingam, Vishak"]
[Result "1/2-1/2"]
[ECO "B11"]
[WhiteElo "1367"]
[BlackElo "1285"]
[Annotator "NA RC COMBH"]
[PlyCount "80"]
[EventDate "2022.07.18"]
[EventType "swiss"]
[EventCountry "SUI"]
[SourceTitle "playchess.com"]
[Source "ChessBase"]
[SourceQuality "1"]
[TimeControl "5400+30"]

1. e4 c6 2. Nc3 d5 3. Nf3 Bg4 4. h3 Bxf3 5. Qxf3 e6 6. Be2 Nd7 7. d3 Bb4 8. Bd2 Ngf6 9. O-O d4 10. Nb1 Bxd2 11. Nxd2 Qc7 12. c3 dxc3 13. bxc3 O-O 14. d4 c5 15. Rfc1 Rac8 16. Bd3 h6 17. Rab1 Nb6 18. Nc4 Nxc4 19. Bxc4 cxd4 20. cxd4 Qd7 21. d5 exd5 22. exd5 a6 23. Bb3 b5 24. Qd3 Rxc1+ 25. Rxc1 Rc8 26. Rxc8+ Qxc8 27. d6 Qd7 28. Bc2 g6 29. Qa3 Ne8 30. Qxa6 Nxd6 31. a4 bxa4 32. Bxa4 Qe7 33. Qa8+ Kg7 34. Qf3 Qe5 35. Bb3 Qa1+ 36. Kh2 Qe5+ 37. g3 h5 38. h4 Qf6 39. Kg2 Qxf3+ 40. Kxf3 f6 1/2-1/2

[Event "Swiss Championship U10 2022"]
[Site "Biel"]
[Date "2022.07.18"]
[Round "2.3"]
[White "Domschke, Mischa"]
[Black "Gong, Yansheng"]
[Result "1-0"]
[ECO "C54"]
[WhiteElo "1565"]
[BlackElo "1285"]
[Annotator "NA COMBH"]
[PlyCount "49"]
[EventDate "2022.07.18"]
[EventType "swiss"]
[EventCountry "SUI"]
[SourceTitle "playchess.com"]
[Source "ChessBase"]
[SourceQuality "1"]
[TimeControl "5400+30"]

1. e4 e5 2. Nf3 Nc6 3. Bc4 Bc5 4. d3 Nf6 5. O-O d6 6. c3 Bg4 7. Be3 Qd7 8. Nbd2 Nh5 9. h3 Bxh3 10. gxh3 Qxh3 11. Ng5 Qh4 12. Bxf7+ Kd7 13. Qxh5 Qxh5 14. Bxh5 g6 15. Bg4+ Ke7 16. Bxc5 dxc5 17. Nc4 b5 18. Ne3 Raf8 19. Nd5+ Kd6 20. Ne6 Rf7 21. Nexc7 Rb8 22. Be6 Rf3 23. Rfd1 Rbf8 24. Bg4 R3f4 25. Nxb5# 1-0

[Event "Swiss Championship U10 2022"]
[Site "Biel"]
[Date "2022.07.18"]
[Round "2.4"]
[White "Kumar, Shreyank"]
[Black "Pahud, Kylian"]
[Result "1-0"]
[ECO "C53"]
[WhiteElo "1404"]
[BlackElo "1373"]
[Annotator "NA COMBH"]
[PlyCount "145"]
[EventDate "2022.07.18"]
[EventType "swiss"]
[EventCountry "SUI"]
[SourceTitle "playchess.com"]
[Source "ChessBase"]
[SourceQuality "1"]
[TimeControl "5400+30"]

1. e4 e5 2. Nf3 Nc6 3. Bc4 Bc5 4. c3 Bb6 5. d4 exd4 6. cxd4 Nge7 7. O-O O-O 8. d5 Na5 9. Bd3 d6 10. b4 Bg4 11. bxa5 Bd4 12. Nxd4 Bxd1 13. Rxd1 c5 14. Nb5 a6 15. N5c3 Qxa5 16. a3 b5 17. Ra2 c4 18. Bf1 Qb6 19. Be3 Qb7 20. Rb2 Qd7 21. Nd2 Rab8 22. Rdb1 Rb7 23. Nxc4 Rc8 24. Bd2 Rbc7 25. Nb6 Qg4 26. Nxc8 Rxc8 27. h3 Qd7 28. Be2 Ng6 29. Bg4 Qd8 30. Bxc8 Qxc8 31. Rc1 Qd8 32. Rbc2 Qf6 33. Be1 h6 34. Ne2 Ne5 35. Bc3 Qe7 36. Bxe5 Qxe5 37. Ng3 Kh7 38. Rc7 Qb2 39. R7c3 a5 40. Nf5 b4 41. axb4 axb4 42. R3c2 Qe5 43. Re2 g6 44. Ng3 b3 45. Rb1 Qc3 46. Reb2 Qc4 47. Rxb3 Kg7 48. Re3 Qa2 49. Ree1 Qa8 50. Rbd1 f6 51. Rc1 h5 52. Re2 Qe8 53. h4 Qa8 54. Rec2 g5 55. Rc7+ Kg6 56. Nf5 Qf8 57. Rg7+ Qxg7 58. Nxg7 g4 59. Nf5 g3 60. fxg3 Kh7 61. Rc7+ Kh8 62. Kf2 Kg8 63. Re7 Kf8 64. g4 hxg4 65. Kg3 Kg8 66. Kxg4 Kf8 67. Kh5 Kg8 68. Kg6 Kf8 69. Kxf6 Kg8 70. Rf7 Kh8 71. Kg6 Kg8 72. Nh6+ Kh8 73. Rf8# 1-0

[Event "Swiss Championship U10 2022"]
[Site "Biel"]
[Date "2022.07.18"]
[Round "2.5"]
[White "Parmelin, Axel"]
[Black "Bachmann, Elias"]
[Result "0-1"]
[ECO "C49"]
[WhiteElo "1298"]
[BlackElo "1319"]
[Annotator "NA COMBH"]
[PlyCount "82"]
[EventDate "2022.07.18"]
[EventType "swiss"]
[EventCountry "SUI"]
[SourceTitle "playchess.com"]
[Source "ChessBase"]
[SourceQuality "1"]
[TimeControl "5400+30"]

1. e4 e5 2. Nf3 Nc6 3. Nc3 Nf6 4. Bb5 Bb4 5. d3 d6 6. O-O O-O 7. Bg5 Bxc3 8. bxc3 Qe7 9. d4 a6 10. Ba4 b5 11. Bb3 Nb8 12. c4 Nbd7 13. cxb5 axb5 14. Qd3 Bb7 15. d5 Rfe8 16. Qxb5 Ba6 17. Qc6 Bxf1 18. Rxf1 Qd8 19. Ba4 Qc8 20. h3 h6 21. Bh4 Ra6 22. Qb5 Rb6 23. Qe2 Qa6 24. Qxa6 Rxa6 25. Bb5 Ra5 26. a4 Rb8 27. c4 Nc5 28. Rc1 Nfxe4 29. Bc6 Rb2 30. Bd8 Ra7 31. Ra1 Rxf2 32. a5 Rc2 33. a6 Rxa6 34. Rxa6 Nxa6 35. Bb5 Nec5 36. Ne1 Rb2 37. Kf1 f6 38. Nf3 Kf7 39. Nh4 g6 40. g4 e4 41. Bd7 Nxd7 0-1

[Event "Swiss Championship U10 2022"]
[Site "Biel"]
[Date "2022.07.18"]
[Round "2.6"]
[White "Rams, Vedha"]
[Black "Gregor, Elena"]
[Result "1-0"]
[ECO "C58"]
[WhiteElo "1312"]
[BlackElo "1258"]
[Annotator "NA COMBH"]
[PlyCount "119"]
[EventDate "2022.07.18"]
[EventType "swiss"]
[EventCountry "SUI"]
[SourceTitle "playchess.com"]
[Source "ChessBase"]
[SourceQuality "1"]
[TimeControl "5400+30"]

1. e4 e5 2. Nf3 Nc6 3. Bc4 Nf6 4. Ng5 d5 5. exd5 Na5 6. Bb5+ c6 7. dxc6 bxc6 8. Ba4 h6 9. Nf3 e4 10. Ng1 Bc5 11. h3 Qd4 12. Qe2 Qxa4 13. c3 Qc4 14. b4 Qxe2+ 15. Nxe2 Bb6 16. bxa5 Bxa5 17. Ba3 Rb8 18. O-O Bb6 19. Nd4 c5 20. Nb3 Nd7 21. Re1 Bb7 22. d4 Rc8 23. N1d2 c4 24. Nxe4 Bxe4 25. Rxe4+ Kd8 26. Nd2 f5 27. Re2 g5 28. Be7+ Kc7 29. Nxc4 Kb7 30. Nd6+ Kc7 31. Nxc8 Kxc8 32. a4 Re8 33. Rae1 Ba5 34. Bb4 Rxe2 35. Rxe2 Bxb4 36. cxb4 Kc7 37. Re7 h5 38. Rh7 h4 39. Rg7 g4 40. hxg4 fxg4 41. Rxg4 h3 42. gxh3 a5 43. bxa5 Kb7 44. Rg7 Kc7 45. h4 Kd8 46. Rxd7+ Kxd7 47. h5 Ke7 48. a6 Kf7 49. a7 Kg7 50. a8=Q Kh6 51. d5 Kg7 52. d6 Kf6 53. h6 Kf7 54. h7 Ke6 55. h8=Q Kf5 56. Qag8 Ke4 57. Qg4+ Kd3 58. Qhd4+ Kc2 59. Qe2+ Kc1 60. Qdd1# 1-0

[Event "Swiss Championship U10 2022"]
[Site "Biel"]
[Date "2022.07.18"]
[Round "2.7"]
[White "Lerner, David B"]
[Black "Wilhelm, Marco"]
[Result "1/2-1/2"]
[ECO "C02"]
[WhiteElo "2125"]
[BlackElo "1332"]
[Annotator "TA"]
[PlyCount "63"]
[EventDate "2022.07.18"]
[EventType "swiss"]
[EventCountry "SUI"]
[SourceTitle "playchess.com"]
[Source "ChessBase"]
[SourceQuality "1"]
[TimeControl "5400+30"]

1. e4 e6 2. d4 d5 3. e5 c5 4. Nf3 Nc6 5. Nc3 Qb6 6. Bb5 a6 {[%emt 0:00:00] C02: French: Advance Variation.} (6... cxd4 $15 {should be considered.} 7. Nxd4 a6 8. Bxc6+ bxc6) 7. Ba4 (7. Bxc6+ $11 Qxc6 8. O-O) 7... Bd7 8. Bxc6 {[%emt 0:00:48] [#]} Qxc6 $146 ({Predecessor:} 8... bxc6 9. O-O f6 10. Re1 Ne7 11. exf6 gxf6 12. b3 Nf5 13. Na4 Qa7 14. Nxc5 Bxc5 15. dxc5 Qxc5 {1-0 (21) Cho,Y-Varol,L Kemer 2009}) 9. Be3 Nh6 (9... Ne7 $15) 10. Qd2 (10. Bxh6 $14 gxh6 11. O-O) 10... Nf5 $15 11. h3 Nxe3 12. fxe3 Be7 13. b3 (13. Ne2 $15) 13... Qb6 (13... cxd4 $1 $19 14. Nxd4 Qc7) 14. O-O cxd4 15. exd4 Rc8 {[%emt 0:00:35] Strongly threatening ...Bb4.} 16. Ne2 O-O 17. Qf4 $2 (17. a4 $15) 17... h6 (17... Rxc2 $19 {and Black stays clearly on top.} 18. Ng3 Bb5) 18. g4 $2 (18. Qd2 $17) 18... Bg5 $2 (18... Rxc2 $19 19. Rf2 Bb5) 19. Nxg5 $11 hxg5 20. Qd2 Bb5 {[%emt 0:02:40] aiming for ...Bxe2.} 21. Rad1 (21. Rae1 $1 $15) 21... Bxe2 22. Qxe2 Rc6 23. Rf2 Rc7 ({Black should play} 23... Qc7 $17) 24. h4 gxh4 25. g5 $1 {[%emt 0:01:07] Hoping for Qh5.} g6 {[%emt 0:01:18] Inhibits Qh5.} 26. Qg4 Kg7 $1 ({But not} 26... Rfc8 27. c4 Qb4 28. Qxh4 $16) 27. Qf4 {[%emt 0:04:31] Intending Qf6+ and mate.} Rh8 $2 (27... Qa5 $1 $11) 28. Qf6+ $1 $18 Kg8 (28... Kh7 $2 29. Rf4 Kg8 30. Qd8+ Kg7 31. Rxf7+ $3 Kxf7 32. Qxh8 $18) 29. Qd8+ Kg7 {[%emt 0:00:00] [#]} 30. Qf6+ (30. Rxf7+ $1 $18 Kxf7 31. Qxh8) 30... Kh7 $2 (30... Kg8 $1 $11 {and Black stays safe.}) 31. Rh2 $2 ({White must play} 31. Rf4 $18 Kg8 32. Qd8+ Kg7 {[#]} 33. Rxf7+ $3 Kxf7 34. Qxh8) 31... Kg8 $11 32. Qd8+ {[%emt 0:00:30] What a bad dream for Black.  Weighted Error Value: White=0.90/Black=0.78} 1/2-1/2

[Event "Swiss Championship U10 2022"]
[Site "Biel"]
[Date "2022.07.18"]
[Round "2.8"]
[White "Sunilkumar, Prathyush"]
[Black "Cavadini, Tommaso"]
[Result "1-0"]
[ECO "D02"]
[WhiteElo "1336"]
[BlackElo "1290"]
[Annotator "NA COMBH"]
[PlyCount "51"]
[EventDate "2022.07.18"]
[EventType "swiss"]
[EventCountry "SUI"]
[SourceTitle "playchess.com"]
[Source "ChessBase"]
[SourceQuality "1"]
[TimeControl "5400+30"]

1. d4 d5 2. c4 Nf6 3. Nf3 Bg4 4. Nc3 e6 5. Bf4 c6 6. e3 Bb4 7. Be2 Ne4 8. Qb3 Bxc3+ 9. bxc3 Qb6 10. Rb1 Nxc3 11. Rb2 Ne4 12. O-O Qxb3 13. axb3 Nd7 14. h3 Bh5 15. g4 Bg6 16. Ng5 h6 17. Nxe4 Bxe4 18. f3 Bg6 19. Bd6 O-O-O 20. c5 f5 21. b4 Nf6 22. b5 Ne8 23. Be5 Kd7 24. Rfb1 fxg4 25. bxc6+ Kxc6 26. Bb5# 1-0

[Event "Swiss Championship U10 2022"]
[Site "Biel"]
[Date "2022.07.19"]
[Round "3.1"]
[White "Domschke, Mischa"]
[Black "Saminskij, Jan"]
[Result "1/2-1/2"]
[ECO "C42"]
[WhiteElo "1565"]
[BlackElo "1487"]
[Annotator "NA RC COMBH"]
[PlyCount "60"]
[EventDate "2022.07.18"]
[EventType "swiss"]
[EventCountry "SUI"]
[SourceTitle "playchess.com"]
[Source "ChessBase"]
[SourceQuality "1"]
[TimeControl "5400+30"]

1. e4 e5 2. Nf3 Nf6 3. Nxe5 d6 4. Nf3 Nxe4 5. d3 Nf6 6. Nc3 Nc6 7. Be2 d5 8. Bg5 Be7 9. O-O O-O 10. Qd2 d4 11. Nb1 Bf5 12. Qf4 Bg6 13. Nbd2 Nh5 14. Qg4 Bxg5 15. Qxg5 Qxg5 16. Nxg5 h6 17. Nge4 Nf4 18. Bf3 Ne5 19. Rfe1 Nxf3+ 20. Nxf3 Ne6 21. Re2 Bh5 22. Ned2 Ng5 23. Re7 Nxf3+ 24. Nxf3 Bxf3 25. gxf3 Rac8 26. Rae1 Rfd8 27. Kg2 Rd6 28. Kg3 Rc6 29. R1e2 Rd6 30. f4 Ra6 1/2-1/2

[Event "Swiss Championship U10 2022"]
[Site "Biel"]
[Date "2022.07.19"]
[Round "3.2"]
[White "Chockalingam, Vishak"]
[Black "Kumar, Shreyank"]
[Result "1/2-1/2"]
[ECO "C24"]
[WhiteElo "1285"]
[BlackElo "1404"]
[Annotator "NA RC COMBH"]
[PlyCount "120"]
[EventDate "2022.07.18"]
[EventType "swiss"]
[EventCountry "SUI"]
[SourceTitle "playchess.com"]
[Source "ChessBase"]
[SourceQuality "1"]
[TimeControl "5400+30"]

1. e4 e5 2. Bc4 Nf6 3. d3 c6 4. Nf3 d5 5. Bb3 Bd6 6. exd5 cxd5 7. Bg5 d4 8. Nbd2 h6 9. Bh4 Qe7 10. a3 Be6 11. Bxe6 Qxe6 12. Qe2 Nbd7 13. Bg3 a6 14. Nc4 O-O 15. O-O Rfe8 16. Qd2 b5 17. Nxd4 Qd5 18. Nxd6 Qxd6 19. Nf3 Qc5 20. Rfe1 Rad8 21. b4 Qd5 22. h3 Kh7 23. Rac1 Rc8 24. Rcd1 Nh5 25. Bh2 Nhf6 26. Ra1 Ng8 27. a4 Rc6 28. axb5 Qxb5 29. c4 Qb7 30. Nxe5 Nxe5 31. Rxe5 Rg6 32. f4 Rd8 33. Re3 Nf6 34. Rae1 h5 35. R1e2 Qc6 36. Qc2 Qb6 37. Kh1 Qxb4 38. Re5 Qa3 39. f5 Rh6 40. Bf4 Rxd3 41. Bxh6 Kxh6 42. Kh2 Rc3 43. Qd2+ Kh7 44. Qg5 Rxc4 45. R5e3 Qd6+ 46. Rg3 Qf8 47. Rb2 Rc8 48. Rb6 Ra8 49. h4 Ng4+ 50. Kh3 Nf2+ 51. Kh2 Ng4+ 52. Rxg4 hxg4 53. Qh5+ Kg8 54. Qxg4 Qc5 55. Rb3 Qe5+ 56. Rg3 Qf6 57. h5 a5 58. Qa4 Qxf5 59. h6 Qh5+ 60. Rh3 Qe5+ 1/2-1/2

[Event "Swiss Championship U10 2022"]
[Site "Biel"]
[Date "2022.07.19"]
[Round "3.3"]
[White "Pahud, Kylian"]
[Black "Jordan, Christina"]
[Result "1-0"]
[ECO "C50"]
[WhiteElo "1373"]
[BlackElo "1367"]
[Annotator "NA RC COMBH"]
[PlyCount "99"]
[EventDate "2022.07.18"]
[EventType "swiss"]
[EventCountry "SUI"]
[SourceTitle "playchess.com"]
[Source "ChessBase"]
[SourceQuality "1"]
[TimeControl "5400+30"]

1. e4 e5 2. Nf3 Nc6 3. Bc4 Bc5 4. d3 Nf6 5. Nc3 a6 6. Bg5 h6 7. Bxf6 Qxf6 8. Nd5 Qd8 9. c3 d6 10. b4 Ba7 11. a4 O-O 12. Qb1 Ne7 13. b5 c6 14. Nxe7+ Qxe7 15. b6 Bb8 16. O-O a5 17. Qb2 Bg4 18. Nd2 Qg5 19. f3 Be6 20. d4 d5 21. exd5 cxd5 22. Be2 exd4 23. cxd4 Qf4 24. g3 Qg5 25. Rf2 Bh3 26. Bf1 Bxf1 27. Raxf1 Bd6 28. Nb3 Qe3 29. Na1 Bb4 30. Nc2 Qc3 31. Nxb4 axb4 32. Qxc3 bxc3 33. Ra1 Rfc8 34. Rc2 Rc4 35. a5 Rxd4 36. Rxc3 Rb4 37. Rc7 Rb8 38. Rd7 d4 39. Kf1 Kf8 40. Ke2 Rb2+ 41. Kd3 Rxh2 42. Rxd4 Rb2 43. Kc3 Rb5 44. Rb4 Rxb4 45. Kxb4 Ke7 46. Kb5 Kd6 47. Rd1+ Ke6 48. a6 bxa6+ 49. Kxa6 Rh8 50. b7 1-0